[Event "DVM U12w 2024"]
[Site "Bad Homburg"]
[Date "2024.12.27"]
[Round "1"]
[White "Glotz, Katharina"]
[Black "Reuber, Ella"]
[Result "1-0"]
[ECO "B76"]
[WhiteElo "1656"]
[BlackElo "1188"]
[Annotator "NA"]
[PlyCount "39"]
[EventDate "2024.12.23"]
[EventType "team-tourn"]
[EventRounds "7"]
[EventCountry "GER"]
[SourceTitle "playchess.com"]
[Source "ChessBase"]
[SourceQuality "1"]
[TimeControl "40/5400+30:1800+30"]

1. e4 c5 2. Nf3 d6 3. d4 cxd4 4. Nxd4 Nf6 5. Nc3 g6 6. Be3 Bg7 7. f3 Nc6 8. Qd2 O-O 9. O-O-O Bd7 10. g4 a6 11. h4 h5 12. Be2 b5 13. a3 hxg4 14. h5 gxf3 15. Bxf3 Ne5 16. h6 Bh8 17. h7+ Nxh7 18. Qh2 Kg7 19. Qh6+ Kf6 20. Nd5# 1-0

[Event "DVM U12w 2024"]
[Site "Bad Homburg"]
[Date "2024.12.27"]
[Round "1"]
[White "Busch, Lara Sophie"]
[Black "Feldhaus, Lena"]
[Result "1-0"]
[ECO "C54"]
[WhiteElo "1625"]
[BlackElo "1539"]
[Annotator "NA RC"]
[PlyCount "48"]
[EventDate "2024.12.23"]
[EventType "team-tourn"]
[EventRounds "7"]
[EventCountry "GER"]
[SourceTitle "playchess.com"]
[Source "ChessBase"]
[SourceQuality "1"]
[TimeControl "40/5400+30:1800+30"]

1. e4 e5 2. Nf3 Nc6 3. Bc4 Bc5 4. d3 Nf6 5. c3 O-O 6. O-O d6 7. Nbd2 a6 8. Bb3 Ba7 9. h3 Ne7 10. Nc4 Ng6 11. Be3 Be6 12. Re1 Nh5 13. Nfxe5 dxe5 14. Qxh5 Qxd3 15. Bxa7 Rxa7 16. Rad1 Bxc4 17. Rxd3 Bxd3 18. Re3 Nf4 19. Qxe5 Ne2+ 20. Kh2 Nc1 21. Qxc7 Rfa8 22. Qxf7+ Kh8 23. Rf3 h6 24. Qf4 Nxb3 1-0

[Event "DVM U12w 2024"]
[Site "Bad Homburg"]
[Date "2024.12.27"]
[Round "1"]
[White "Hendler, Felicitas"]
[Black "Bayer, Klara"]
[Result "0-1"]
[WhiteElo "1610"]
[BlackElo "1618"]
[Annotator "NA"]
[PlyCount "22"]
[EventDate "2024.12.23"]
[EventType "team-tourn"]
[EventRounds "7"]
[EventCountry "GER"]
[SourceTitle "playchess.com"]
[Source "ChessBase"]
[SourceQuality "1"]
[TimeControl "40/5400+30:1800+30"]

1. e4 c5 2. Nf3 e6 3. d4 cxd4 4. Nxd4 Bc5 5. Be3 Qb6 6. Nc3 Nc6 7. Na4 Qa5+ 8. c3 Be7 9. Nxc6 dxc6 10. Qg4 Qxa4 11. Bd4 e5 0-1

[Event "DVM U12w 2024"]
[Site "Bad Homburg"]
[Date "2024.12.27"]
[Round "1"]
[White "Wolf, Helena"]
[Black "Klymenko, Mariia"]
[Result "0-1"]
[ECO "B16"]
[WhiteElo "1582"]
[BlackElo "1625"]
[Annotator "NA RC"]
[PlyCount "47"]
[EventDate "2024.12.23"]
[EventType "team-tourn"]
[EventRounds "7"]
[EventCountry "GER"]
[SourceTitle "playchess.com"]
[Source "ChessBase"]
[SourceQuality "1"]
[TimeControl "40/5400+30:1800+30"]

1. e4 c6 2. Nf3 d5 3. Nc3 dxe4 4. Nxe4 Nf6 5. Nxf6+ gxf6 6. d4 Bf5 7. c3 e6 8. Bf4 Bd6 9. Bxd6 Qxd6 10. Nh4 Bg6 11. Nxg6 hxg6 12. h3 Nd7 13. Be2 O-O-O 14. Qd2 Rdg8 15. O-O-O Qd5 16. Bf3 Qxa2 17. Kc2 Qa4+ 18. Kc1 Qa5 19. Kc2 Qf5+ 20. Kc1 Qg5 21. Qxg5 fxg5 22. Kc2 Nf6 23. Ra1 Kb8 24. Ra5 0-1

[Event "DVM U12w 2024"]
[Site "Bad Homburg"]
[Date "2024.12.27"]
[Round "1"]
[White "Frenzel, Qorianka"]
[Black "Andreeva, Katharina"]
[Result "1-0"]
[ECO "B73"]
[WhiteElo "1568"]
[BlackElo "1164"]
[Annotator "NA RC"]
[PlyCount "67"]
[EventDate "2024.12.23"]
[EventType "team-tourn"]
[EventRounds "7"]
[EventCountry "GER"]
[SourceTitle "playchess.com"]
[Source "ChessBase"]
[SourceQuality "1"]
[TimeControl "40/5400+30:1800+30"]

1. e4 c5 2. Nf3 d6 3. d4 cxd4 4. Nxd4 Nf6 5. Nc3 g6 6. Be3 Bg7 7. h3 O-O 8. Be2 a6 9. O-O Bd7 10. Qd2 Nc6 11. Rad1 Rc8 12. Nxc6 Bxc6 13. Bf3 b5 14. Nd5 Nxd5 15. exd5 Bb7 16. c3 a5 17. Bh6 Rc4 18. Bxg7 Kxg7 19. Rfe1 Re8 20. Qe3 Qc7 21. Rd4 Rxd4 22. Qxd4+ Kg8 23. a4 Qc4 24. Qb6 Bxd5 25. Bxd5 Qxd5 26. Qxb5 Qxb5 27. axb5 Rb8 28. c4 Kf8 29. Ra1 Ra8 30. b4 a4 31. b6 Rb8 32. c5 dxc5 33. bxc5 Ke8 34. Rxa4 1-0

[Event "DVM U12w 2024"]
[Site "Bad Homburg"]
[Date "2024.12.27"]
[Round "1"]
[White "Mersmann, Jasmin"]
[Black "Noennig, Lotte"]
[Result "1/2-1/2"]
[ECO "C49"]
[WhiteElo "1527"]
[BlackElo "1635"]
[Annotator "NA RC"]
[PlyCount "49"]
[EventDate "2024.12.23"]
[EventType "team-tourn"]
[EventRounds "7"]
[EventCountry "GER"]
[SourceTitle "playchess.com"]
[Source "ChessBase"]
[SourceQuality "1"]
[TimeControl "40/5400+30:1800+30"]

1. e4 e5 2. Nf3 Nc6 3. Nc3 Nf6 4. Bb5 Bb4 5. d3 d6 6. Bg5 O-O 7. O-O Ne7 8. a3 Ba5 9. b4 Bb6 10. Na4 c6 11. Nxb6 axb6 12. Bc4 Ng6 13. Bb3 h6 14. Be3 Bg4 15. h3 Be6 16. Nd2 d5 17. exd5 cxd5 18. d4 Rc8 19. dxe5 Nxe5 20. f4 Nc6 21. Nf3 Re8 22. Nd4 Bxh3 23. Qd3 Bd7 24. Rfe1 Nxd4 25. Qxd4 1/2-1/2

[Event "DVM U12w 2024"]
[Site "Bad Homburg"]
[Date "2024.12.27"]
[Round "1"]
[White "Suryaprakash, Smrithi"]
[Black "Bacakova, Klara"]
[Result "1-0"]
[ECO "B43"]
[WhiteElo "1527"]
[BlackElo "1539"]
[Annotator "NA RC"]
[PlyCount "64"]
[EventDate "2024.12.23"]
[EventType "team-tourn"]
[EventRounds "7"]
[EventCountry "GER"]
[SourceTitle "playchess.com"]
[Source "ChessBase"]
[SourceQuality "1"]
[TimeControl "40/5400+30:1800+30"]

1. e4 c5 2. Nf3 e6 3. d4 cxd4 4. Nxd4 a6 5. Nc3 Qc7 6. Be3 Nf6 7. Qd2 Bb4 8. Bd3 Bxc3 9. Qxc3 Qxc3+ 10. bxc3 d6 11. O-O O-O 12. h3 Nbd7 13. f4 Re8 14. Rfe1 b5 15. Nb3 Bb7 16. Bf2 Rac8 17. Na5 Ba8 18. c4 Nc5 19. cxb5 Nfxe4 20. bxa6 Nxf2 21. Kxf2 Nxd3+ 22. cxd3 Rc5 23. Nc4 Rc6 24. a7 d5 25. Na3 Rc7 26. Nb5 Rb7 27. Nd6 Rb2+ 28. Re2 Rxe2+ 29. Kxe2 Kf8 30. Rb1 Rd8 31. Rb8 Ke7 32. Nxf7 Re8 1-0

[Event "DVM U12w 2024"]
[Site "Bad Homburg"]
[Date "2024.12.27"]
[Round "1"]
[White "Frydel, Helena"]
[Black "Fruth, Julia"]
[Result "1-0"]
[ECO "B92"]
[WhiteElo "1514"]
[BlackElo "1614"]
[Annotator "NA RC"]
[PlyCount "67"]
[EventDate "2024.12.23"]
[EventType "team-tourn"]
[EventRounds "7"]
[EventCountry "GER"]
[SourceTitle "playchess.com"]
[Source "ChessBase"]
[SourceQuality "1"]
[TimeControl "40/5400+30:1800+30"]

1. e4 c5 2. Nf3 d6 3. d4 cxd4 4. Nxd4 Nf6 5. Nc3 a6 6. Be2 e5 7. Nb3 Be6 8. Bg5 Nbd7 9. Qd3 Be7 10. O-O-O O-O 11. f4 exf4 12. Bxf4 Ne5 13. Qd2 Rc8 14. Nd4 Nfd7 15. Nf5 Nc5 16. Nxe7+ Qxe7 17. Qxd6 Qxd6 18. Rxd6 Ng6 19. Bg3 Rfe8 20. Rhd1 b5 21. b4 Nb7 22. R6d3 Bc4 23. Rd7 Bxe2 24. Nxe2 Rxe4 25. R1d2 Re7 26. Rxe7 Nxe7 27. Rd7 Nc6 28. Rxb7 Nxb4 29. Rb8 Rxb8 30. Bxb8 Nxa2+ 31. Kb2 Nb4 32. Nd4 Kf8 33. Bd6+ Ke8 34. Bxb4 1-0

[Event "DVM U12w 2024"]
[Site "Bad Homburg"]
[Date "2024.12.27"]
[Round "1"]
[White "Rose, Malina Rita"]
[Black "Sobczak, Zuzanna"]
[Result "0-1"]
[ECO "B34"]
[WhiteElo "1503"]
[BlackElo "1598"]
[Annotator "NA"]
[PlyCount "52"]
[EventDate "2024.12.23"]
[EventType "team-tourn"]
[EventRounds "7"]
[EventCountry "GER"]
[SourceTitle "playchess.com"]
[Source "ChessBase"]
[SourceQuality "1"]
[TimeControl "40/5400+30:1800+30"]

1. e4 c5 2. Bc4 Nc6 3. Nf3 g6 4. d4 cxd4 5. Nxd4 Bg7 6. Nxc6 bxc6 7. Qf3 e6 8. Nc3 d5 9. exd5 cxd5 10. Bb5+ Bd7 11. Bxd7+ Qxd7 12. O-O Ne7 13. Rb1 O-O 14. Re1 Nf5 15. Be3 d4 16. Red1 Qe7 17. Bf4 dxc3 18. bxc3 Rad8 19. Rxd8 Rxd8 20. h3 Qc5 21. Rb3 Be5 22. Bxe5 Qxe5 23. Rb7 Qe1+ 24. Kh2 Rd1 25. Qxd1 Qxd1 26. Rxa7 Qxc2 0-1

[Event "DVM U12w 2024"]
[Site "Bad Homburg"]
[Date "2024.12.27"]
[Round "1"]
[White "Lange, Lene Marie"]
[Black "Werner, Amelie"]
[Result "1/2-1/2"]
[ECO "D02"]
[WhiteElo "1501"]
[BlackElo "1525"]
[Annotator "NA RC"]
[PlyCount "42"]
[EventDate "2024.12.23"]
[EventType "team-tourn"]
[EventRounds "7"]
[EventCountry "GER"]
[SourceTitle "playchess.com"]
[Source "ChessBase"]
[SourceQuality "1"]
[TimeControl "40/5400+30:1800+30"]

1. d4 d5 2. Bf4 c5 3. e3 Nf6 4. Nf3 Nc6 5. c3 Bf5 6. Nbd2 cxd4 7. cxd4 e6 8. Bb5 Rc8 9. Rc1 Bd6 10. Ne5 O-O 11. O-O Nb4 12. a3 a6 13. Be2 Nc6 14. Ndf3 Ne4 15. Qb3 Na5 16. Qa2 b5 17. b4 Nc4 18. Rfd1 a5 19. bxa5 Qxa5 20. Nxc4 bxc4 21. Bxd6 Nxd6 1/2-1/2

[Event "DVM U12w 2024"]
[Site "Bad Homburg"]
[Date "2024.12.27"]
[Round "1"]
[White "Ruddat, Maila"]
[Black "Ising, Svea"]
[Result "0-1"]
[ECO "C54"]
[WhiteElo "1486"]
[BlackElo "1221"]
[Annotator "NA"]
[PlyCount "40"]
[EventDate "2024.12.23"]
[EventType "team-tourn"]
[EventRounds "7"]
[EventCountry "GER"]
[SourceTitle "playchess.com"]
[Source "ChessBase"]
[SourceQuality "1"]
[TimeControl "40/5400+30:1800+30"]

1. e4 e5 2. Nf3 Nc6 3. Bc4 Bc5 4. c3 Nf6 5. d3 h6 6. Be3 Bb6 7. Bb3 d6 8. h3 Be6 9. Nbd2 d5 10. Bxb6 axb6 11. Bc2 d4 12. cxd4 exd4 13. Bb3 Nb4 14. a3 Nxd3+ 15. Kf1 O-O 16. Qc2 Nf4 17. g3 d3 18. Qd1 Bxh3+ 19. Kg1 Ne2+ 20. Kh2 Ng4+ 0-1

[Event "DVM U12w 2024"]
[Site "Bad Homburg"]
[Date "2024.12.27"]
[Round "1"]
[White "Albrecht, Sidney Jenna"]
[Black "Schindler, Amilia"]
[Result "1-0"]
[ECO "A29"]
[WhiteElo "1483"]
[BlackElo "790"]
[Annotator "NA"]
[PlyCount "75"]
[EventDate "2024.12.23"]
[EventType "team-tourn"]
[EventRounds "7"]
[EventCountry "GER"]
[SourceTitle "playchess.com"]
[Source "ChessBase"]
[SourceQuality "1"]
[TimeControl "40/5400+30:1800+30"]

1. c4 e5 2. Nc3 Nc6 3. g3 Bc5 4. Nf3 Nf6 5. Bg2 O-O 6. O-O d6 7. d3 Bg4 8. h3 Be6 9. e3 Nb4 10. a3 Nc6 11. d4 exd4 12. exd4 Nxd4 13. Nxd4 Bxc4 14. Re1 Bb6 15. Bxb7 Rb8 16. Nc6 Qd7 17. Nxb8 Rxb8 18. Bg2 Qf5 19. Be3 Bxe3 20. Rxe3 Rxb2 21. Qe1 h6 22. Re8+ Nxe8 23. Qxe8+ Kh7 24. Be4 g6 25. Bxf5 gxf5 26. Ne4 Kg7 27. Nf6 Re2 28. Qd8 Re6 29. Nh5+ Kh7 30. Qf8 Rg6 31. Rc1 Be2 32. Nf4 Rg8 33. Qxf7+ Rg7 34. Qxf5+ Kh8 35. Nxe2 Re7 36. Qf6+ Rg7 37. Rxc7 Kh7 38. Qxg7# 1-0

[Event "DVM U12w 2024"]
[Site "Bad Homburg"]
[Date "2024.12.27"]
[Round "1"]
[White "Briese, Sophie"]
[Black "Kuebart, Ela Marie"]
[Result "1/2-1/2"]
[ECO "C01"]
[WhiteElo "1465"]
[BlackElo "1561"]
[Annotator "NA RC"]
[PlyCount "59"]
[EventDate "2024.12.23"]
[EventType "team-tourn"]
[EventRounds "7"]
[EventCountry "GER"]
[SourceTitle "playchess.com"]
[Source "ChessBase"]
[SourceQuality "1"]
[TimeControl "40/5400+30:1800+30"]

1. e4 e6 2. d4 d5 3. exd5 exd5 4. Bd3 Bd6 5. c3 Nf6 6. h3 O-O 7. Qf3 Be6 8. Ne2 Nbd7 9. O-O c6 10. Bf4 Qc7 11. Nd2 Rfe8 12. Rfe1 h6 13. Qg3 Bxf4 14. Qxf4 Qxf4 15. Nxf4 Nb6 16. b3 Bd7 17. Nf3 Rxe1+ 18. Rxe1 Re8 19. Rxe8+ Bxe8 20. c4 Bd7 21. c5 Nc8 22. b4 b6 23. Ne5 bxc5 24. bxc5 Ne7 25. g4 g5 26. Ne2 Bc8 27. f4 Nd7 28. Nxd7 Bxd7 29. fxg5 hxg5 30. Kg2 1/2-1/2

[Event "DVM U12w 2024"]
[Site "Bad Homburg"]
[Date "2024.12.27"]
[Round "1"]
[White "Didas, Emma"]
[Black "Elsayed Esam, Sally"]
[Result "1-0"]
[ECO "B13"]
[WhiteElo "1456"]
[BlackElo "1563"]
[Annotator "NA RC"]
[PlyCount "99"]
[EventDate "2024.12.23"]
[EventType "team-tourn"]
[EventRounds "7"]
[EventCountry "GER"]
[SourceTitle "playchess.com"]
[Source "ChessBase"]
[SourceQuality "1"]
[TimeControl "40/5400+30:1800+30"]

1. e4 c6 2. d4 d5 3. exd5 cxd5 4. Bd3 Nf6 5. Bf4 Bg4 6. f3 Bh5 7. Ne2 e6 8. O-O Bd6 9. Bxd6 Qxd6 10. Qd2 Bg6 11. Nf4 O-O 12. Nxg6 hxg6 13. Qg5 Re8 14. c3 Nc6 15. Re1 e5 16. dxe5 Nxe5 17. Rd1 Qc5+ 18. Kf1 Nxd3 19. Rxd3 Qe7 20. Qd2 Qe6 21. Na3 Re7 22. Re1 Qxe1+ 23. Qxe1 Rxe1+ 24. Kxe1 Re8+ 25. Kd2 Nh5 26. Re3 Re6 27. Nb5 Nf4 28. g3 a6 29. Nd4 Rxe3 30. Kxe3 Ne6 31. Nxe6 fxe6 32. Kf4 Kf7 33. Ke5 Ke7 34. b4 b6 35. a4 b5 36. a5 Kd7 37. h4 Ke7 38. g4 Kd7 39. f4 Ke7 40. f5 exf5 41. gxf5 Kf7 42. fxg6+ Kxg6 43. Kf4 Kh5 44. Kg3 g6 45. Kh3 g5 46. hxg5 Kxg5 47. Kg3 Kf5 48. Kf3 Ke6 49. Ke3 Ke5 50. Kd3 1-0

[Event "DVM U12w 2024"]
[Site "Bad Homburg"]
[Date "2024.12.27"]
[Round "1"]
[White "Doescher, Nayla"]
[Black "Khachaturyan, Viktoria"]
[Result "1-0"]
[ECO "C49"]
[WhiteElo "1437"]
[BlackElo "966"]
[Annotator "NA RC"]
[PlyCount "63"]
[EventDate "2024.12.23"]
[EventType "team-tourn"]
[EventRounds "7"]
[EventCountry "GER"]
[SourceTitle "playchess.com"]
[Source "ChessBase"]
[SourceQuality "1"]
[TimeControl "40/5400+30:1800+30"]

1. e4 e5 2. Nf3 Nc6 3. Nc3 Nf6 4. Bb5 Bb4 5. d3 d6 6. h3 h6 7. O-O O-O 8. Bd2 Bd7 9. a3 Bc5 10. Re1 Be6 11. Bxc6 bxc6 12. Qc1 Nh5 13. Be3 Qf6 14. Bxc5 dxc5 15. Qe3 c4 16. dxc4 Bxc4 17. Qc5 Be6 18. Qxe5 Qg6 19. Kh1 Rfe8 20. Qxc7 Rac8 21. Qxa7 Nf4 22. Rg1 Qh5 23. Qe3 Nxh3 24. gxh3 Bxh3 25. Nh2 Re6 26. Rg3 Bg4 27. Rxg4 Rg6 28. Rag1 Re8 29. Rxg6 fxg6 30. Qg3 g5 31. f4 Re6 32. fxg5 1-0

[Event "DVM U12w 2024"]
[Site "Bad Homburg"]
[Date "2024.12.27"]
[Round "1"]
[White "Raghavan, Madhushri"]
[Black "Bacakova, Johanna"]
[Result "1-0"]
[ECO "D55"]
[WhiteElo "1410"]
[BlackElo "1045"]
[Annotator "NA RC"]
[PlyCount "84"]
[EventDate "2024.12.23"]
[EventType "team-tourn"]
[EventRounds "7"]
[EventCountry "GER"]
[SourceTitle "playchess.com"]
[Source "ChessBase"]
[SourceQuality "1"]
[TimeControl "40/5400+30:1800+30"]

1. d4 d5 2. c4 e6 3. Nc3 Nf6 4. Bg5 Be7 5. Nf3 O-O 6. e3 c5 7. dxc5 Bxc5 8. Bxf6 Qxf6 9. cxd5 exd5 10. Qxd5 Bb4 11. Qd4 Qxd4 12. Nxd4 Rd8 13. a3 Ba5 14. Nb3 Bxc3+ 15. bxc3 Nc6 16. Nd4 Ne7 17. g3 Bf5 18. Bg2 Rd7 19. a4 Rc8 20. Ra3 Bg6 21. Bh3 f5 22. e4 Rc5 23. O-O Rd6 24. exf5 Nxf5 25. Nxf5 Bxf5 26. Bxf5 Rxf5 27. Rb3 b6 28. Rb5 Rdd5 29. c4 Rc5 30. Rd1 Rf7 31. Rd8+ Rf8 32. Rxf8+ Kxf8 33. Rxc5 bxc5 34. Kf1 Ke7 35. Ke1 Kd6 36. Kd2 Kc6 37. Ke3 Kb6 38. Ke4 Ka5 39. Kd5 Kb4 40. a5 a6 41. f4 h6 42. g4 g6 1-0

[Event "DVM U12w 2024"]
[Site "Bad Homburg"]
[Date "2024.12.27"]
[Round "1"]
[White "Naz Öksüz, Meryem"]
[Black "Doberchak, Emily Alice"]
[Result "0-1"]
[ECO "C50"]
[WhiteElo "1296"]
[BlackElo "1106"]
[Annotator "NA"]
[PlyCount "70"]
[EventDate "2024.12.23"]
[EventType "team-tourn"]
[EventRounds "7"]
[EventCountry "GER"]
[SourceTitle "playchess.com"]
[Source "ChessBase"]
[SourceQuality "1"]
[TimeControl "40/5400+30:1800+30"]

1. e4 e5 2. Nf3 Nc6 3. Bc4 Bc5 4. O-O d6 5. c3 Bg4 6. d3 h6 7. h3 Bh5 8. Be3 Bb6 9. Nbd2 Nf6 10. b4 a6 11. Qb3 O-O 12. d4 Bxf3 13. Nxf3 Nxe4 14. dxe5 dxe5 15. Rad1 Qe7 16. Bd5 Bxe3 17. fxe3 Ng3 18. Rf2 e4 19. Nd2 Rad8 20. Kh2 Nh5 21. Nxe4 Rd7 22. Bxc6 bxc6 23. Rxd7 Qxd7 24. g4 Qe7 25. Qc4 Qe5+ 26. Kg1 Nf6 27. Nxf6+ gxf6 28. Rf3 Rd8 29. Qe2 Qxc3 30. Qf1 Rd3 31. Rxf6 Rxe3 32. Kh2 Qe5+ 33. Rf4 Re4 34. Kg3 Kg7 35. h4 Rxb4 0-1

[Event "DVM U12w 2024"]
[Site "Bad Homburg"]
[Date "2024.12.27"]
[Round "1"]
[White "Szymil, Alicja"]
[Black "Xu, Dorothea Sicheng"]
[Result "1-0"]
[ECO "C50"]
[WhiteElo "1289"]
[BlackElo "1585"]
[Annotator "NA RC"]
[PlyCount "101"]
[EventDate "2024.12.23"]
[EventType "team-tourn"]
[EventRounds "7"]
[EventCountry "GER"]
[SourceTitle "playchess.com"]
[Source "ChessBase"]
[SourceQuality "1"]
[TimeControl "40/5400+30:1800+30"]

1. e4 e5 2. Nf3 Nc6 3. Bc4 Nf6 4. d3 Bc5 5. O-O O-O 6. Bg5 h6 7. Bh4 Re8 8. Re1 d6 9. h3 Be6 10. Bb3 Nd4 11. Nc3 c6 12. Na4 Nxb3 13. axb3 b6 14. Nxc5 bxc5 15. c4 Bc8 16. Qc2 Re6 17. Qc3 Qc7 18. b4 cxb4 19. Qxb4 Rb8 20. Qc3 Qb6 21. Rab1 Ne8 22. d4 exd4 23. Nxd4 Rg6 24. Kh1 Nc7 25. f4 d5 26. c5 Qb4 27. f5 Qxc3 28. bxc3 Rxb1 29. Rxb1 Bxf5 30. exf5 Rg5 31. Bxg5 hxg5 32. Rb7 Na6 33. Rxa7 Nxc5 34. Rc7 Ne4 35. Nxc6 Nxc3 36. Nb4 d4 37. Rc4 Ne2 38. Rc2 Ng3+ 39. Kg1 Nxf5 40. Rd2 Ng3 41. Nc2 f6 42. Nxd4 Kf7 43. Rd3 Ne4 44. Re3 Nd6 45. g4 Nc4 46. Rc3 Ne5 47. Rc7+ Kg8 48. Nf5 g6 49. Nh6+ Kf8 50. Kf2 Ke8 51. Ke3 1-0

[Event "DVM U12w 2024"]
[Site "Bad Homburg"]
[Date "2024.12.27"]
[Round "1"]
[White "Lao, Theodora Siyuan"]
[Black "Nuzhnaia, Daria"]
[Result "1-0"]
[ECO "B30"]
[WhiteElo "1170"]
[BlackElo "831"]
[Annotator "NA"]
[PlyCount "51"]
[EventDate "2024.12.23"]
[EventType "team-tourn"]
[EventRounds "7"]
[EventCountry "GER"]
[SourceTitle "playchess.com"]
[Source "ChessBase"]
[SourceQuality "1"]
[TimeControl "40/5400+30:1800+30"]

1. e4 c5 2. Nf3 Nc6 3. Bb5 e6 4. Nc3 d6 5. d4 cxd4 6. Nxd4 Bd7 7. Be3 Nf6 8. h3 Be7 9. O-O O-O 10. Qe2 a6 11. Bd3 h6 12. a3 Nxd4 13. Bxd4 e5 14. Be3 Be6 15. f4 exf4 16. Bxf4 Rc8 17. Rad1 d5 18. e5 Nd7 19. Qf3 Bc5+ 20. Kh1 d4 21. Ne2 Re8 22. Qg3 Bd5 23. Bxh6 g6 24. Bxg6 Bf8 25. Bxf7+ Kh8 26. Qg8# 1-0

[Event "DVM U12w 2024"]
[Site "Bad Homburg"]
[Date "2024.12.27"]
[Round "1"]
[White "Nehrukumar, Rithika"]
[Black "Subocz, Barbara"]
[Result "1-0"]
[ECO "B35"]
[WhiteElo "1147"]
[BlackElo "1623"]
[Annotator "NA RC"]
[PlyCount "75"]
[EventDate "2024.12.23"]
[EventType "team-tourn"]
[EventRounds "7"]
[EventCountry "GER"]
[SourceTitle "playchess.com"]
[Source "ChessBase"]
[SourceQuality "1"]
[TimeControl "40/5400+30:1800+30"]

1. e4 c5 2. Nf3 d6 3. d4 cxd4 4. Nxd4 Nf6 5. Nc3 g6 6. Bc4 Bg7 7. Be3 Nc6 8. Bb5 Bd7 9. Nxc6 Bxc6 10. Bxc6+ bxc6 11. O-O O-O 12. h3 h6 13. Qd2 Kh7 14. Rfe1 Qc7 15. Bf4 Nd7 16. Rad1 Rab8 17. b3 Nc5 18. Qe3 Qa5 19. e5 dxe5 20. Bxe5 Rbd8 21. Bxg7 Kxg7 22. Qe5+ Kg8 23. Na4 Rxd1 24. Rxd1 Nb7 25. Qxa5 Nxa5 26. Rd7 a6 27. Ra7 e5 28. Rxa6 Nb7 29. Rxc6 Rd8 30. Nc5 Rd1+ 31. Kh2 Nxc5 32. Rxc5 Kf8 33. a4 Ra1 34. Rxe5 f6 35. Rb5 Ke7 36. a5 g5 37. b4 Ra4 38. c4 1-0

[Event "DVM U12w 2024"]
[Site "Bad Homburg"]
[Date "2024.12.27"]
[Round "1"]
[White "Slowik, Anna"]
[Black "Helbig, Frieda"]
[Result "0-1"]
[ECO "B10"]
[WhiteElo "1103"]
[BlackElo "1443"]
[Annotator "NA RC"]
[PlyCount "130"]
[EventDate "2024.12.23"]
[EventType "team-tourn"]
[EventRounds "7"]
[EventCountry "GER"]
[SourceTitle "playchess.com"]
[Source "ChessBase"]
[SourceQuality "1"]
[TimeControl "40/5400+30:1800+30"]

1. e4 c6 2. Nf3 d5 3. exd5 cxd5 4. Ne5 Be6 5. Bb5+ Nd7 6. Nc3 a6 7. Bxd7+ Bxd7 8. Nxd7 Qxd7 9. O-O e6 10. a3 Nf6 11. Re1 Be7 12. d4 O-O 13. Bg5 h6 14. Bh4 Rac8 15. Ne2 Ne4 16. Bxe7 Qxe7 17. f3 Nf6 18. Ng3 Qd6 19. Qd2 Rfe8 20. b3 e5 21. dxe5 Rxe5 22. Rxe5 Qxe5 23. Re1 Qb2 24. Qc1 Qc3 25. Nf5 Qc5+ 26. Kh1 Kh7 27. Re7 Qf2 28. Rxf7 Kg6 29. Ne7+ Kxf7 30. Nxc8 d4 31. Nd6+ Ke6 32. Ne4 Nxe4 33. fxe4 Ke5 34. Qg1 Qxc2 35. b4 Qb3 36. Qc1 Kxe4 37. Kg1 Qe3+ 38. Qxe3+ Kxe3 39. Kf1 Kd3 40. Ke1 Kc2 41. g4 d3 42. Kf2 d2 43. Kg3 d1=Q 44. Kh4 g5+ 45. Kh5 Qd8 46. Kxh6 Qf6+ 47. Kh5 Qf4 48. h4 gxh4 49. Kxh4 Kd2 50. Kh5 Qh2+ 51. Kg6 Ke3 52. g5 Kf4 53. Kf6 Qh4 54. Ke6 Qxg5 55. Kd6 Qb5 56. Kc7 Qa4 57. Kb6 Qxa3 58. Ka7 Qxb4 59. Ka8 b5 60. Ka7 a5 61. Ka6 a4 62. Kb6 a3 63. Ka6 a2 64. Ka7 a1=Q+ 65. Kb8 Qe7 0-1

[Event "DVM U12w 2024"]
[Site "Bad Homburg"]
[Date "2024.12.27"]
[Round "1"]
[White "Rutschmann, Polly"]
[Black "Ramien, Eva"]
[Result "1-0"]
[ECO "C50"]
[WhiteElo "1072"]
[BlackElo "1542"]
[Annotator "NA"]
[PlyCount "25"]
[EventDate "2024.12.23"]
[EventType "team-tourn"]
[EventRounds "7"]
[EventCountry "GER"]
[SourceTitle "playchess.com"]
[Source "ChessBase"]
[SourceQuality "1"]
[TimeControl "40/5400+30:1800+30"]

1. e4 e5 2. Nf3 Nc6 3. Bc4 Bc5 4. Nc3 Nf6 5. d3 d6 6. Qe2 Bg4 7. h3 Nd4 8. Qd1 Nxf3+ 9. gxf3 Bd7 10. Qe2 h6 11. Bd2 a6 12. O-O-O Qe7 13. Be3 1-0

[Event "DVM U12w 2024"]
[Site "Bad Homburg"]
[Date "2024.12.27"]
[Round "1"]
[White "Anaparthi, Anika"]
[Black "Winkler, Anni"]
[Result "1-0"]
[ECO "B22"]
[WhiteElo "1052"]
[BlackElo "1404"]
[Annotator "NA"]
[PlyCount "37"]
[EventDate "2024.12.23"]
[EventType "team-tourn"]
[EventRounds "7"]
[EventCountry "GER"]
[SourceTitle "playchess.com"]
[Source "ChessBase"]
[SourceQuality "1"]
[TimeControl "40/5400+30:1800+30"]

1. e4 c5 2. c3 e6 3. d4 cxd4 4. cxd4 d6 5. Nf3 Nc6 6. Nc3 d5 7. e5 Qc7 8. Bg5 h6 9. Be3 f6 10. exf6 Nxf6 11. Bd3 Qf7 12. O-O Bd6 13. Nb5 Be7 14. Nc7+ Kf8 15. Nxa8 Bd6 16. Qd2 b6 17. Bf4 Qe7 18. Ne5 Nxe5 19. dxe5 1-0

[Event "DVM U12w 2024"]
[Site "Bad Homburg"]
[Date "2024.12.27"]
[Round "1"]
[White "Mrugalski, Marie"]
[Black "Huang, Jasmin Shuya"]
[Result "0-1"]
[ECO "D02"]
[WhiteElo "1052"]
[BlackElo "1523"]
[Annotator "NA"]
[PlyCount "44"]
[EventDate "2024.12.23"]
[EventType "team-tourn"]
[EventRounds "7"]
[EventCountry "GER"]
[SourceTitle "playchess.com"]
[Source "ChessBase"]
[SourceQuality "1"]
[TimeControl "40/5400+30:1800+30"]

1. d4 Nf6 2. Bf4 d5 3. e3 e6 4. Nf3 c5 5. c4 Bd6 6. Bg3 O-O 7. Bd3 Nc6 8. Nc3 a6 9. O-O cxd4 10. exd4 dxc4 11. Bxc4 b5 12. Bd3 Bb7 13. Qc2 Bxg3 14. hxg3 Nxd4 15. Nxd4 Qxd4 16. Rae1 Rac8 17. Qd2 Rfd8 18. Re3 Ng4 19. Ne2 Qd6 20. Rd1 Nxe3 21. Qxe3 Qc6 22. Rc1 Qxg2# 0-1

[Event "DVM U12w 2024"]
[Site "Bad Homburg"]
[Date "2024.12.27"]
[Round "1"]
[White "Bykov, Sophia"]
[Black "Litvinchuk, Mariia"]
[Result "0-1"]
[ECO "C55"]
[WhiteElo "1033"]
[BlackElo "972"]
[Annotator "NA"]
[PlyCount "60"]
[EventDate "2024.12.23"]
[EventType "team-tourn"]
[EventRounds "7"]
[EventCountry "GER"]
[SourceTitle "playchess.com"]
[Source "ChessBase"]
[SourceQuality "1"]
[TimeControl "40/5400+30:1800+30"]

1. e4 e5 2. Nf3 Nc6 3. Nc3 Nf6 4. Bc4 Nxe4 5. d3 Nxc3 6. bxc3 d5 7. Bb3 Bg4 8. c4 d4 9. h3 Bh5 10. g4 Bg6 11. c5 Bxc5 12. Ng5 Bb4+ 13. Bd2 Qxg5 14. c3 Bxc3 15. Bxc3 dxc3 16. O-O O-O-O 17. Qc2 Rxd3 18. Qe2 Nd4 19. Qe1 Nf3+ 20. Kg2 Nxe1+ 21. Raxe1 h5 22. Bc2 Rd5 23. Bxg6 Qxg6 24. f3 f5 25. Kg3 hxg4 26. hxg4 Rd3 27. Rxe5 Qxg4+ 28. Kf2 Qxf3+ 29. Ke1 Qg3+ 30. Ke2 Rd2# 0-1